 Dungeon Crawl Stone Soup version 0.29-a0-221-gceb61267dd (webtiles) character file.

Game seed: 3218054979292678107

182 drugrobin the Chopper (level 5, 0/42 HPs)
             Began as a Demigod Fighter on Feb 27, 2022.
             Slain by a scorpion (2 damage)
             ... on level 4 of the Dungeon.
             The game lasted 00:05:26 (3330 turns).

drugrobin the Chopper (Demigod Fighter)             Turns: 3330, Time: 00:05:26

Health: 0/42       AC: 10    Str: 21    XL:     5   Next: 12%
Magic:  7/7        EV:  7    Int: 10    God:
Gold:   243        SH:  4    Dex: 13    Spells: 4/4 levels left

rFire   . . .      SeeInvis .   a - +0 war axe
rCold   . . .      Faith    .   c - +0 buckler
rNeg    . . .      Spirit   .   r - +0 chain mail
rPois   .          Reflect  .   (no helmet)
rElec   .          Harm     .   (no cloak)
rCorr   .          Rampage  .   m - +0 pair of gloves
Will    .....                   (no boots)
Stlth   ..........              (no amulet)
HPRegen 0.14/turn               j - ring of flight
MPRegen 0.10/turn               (no ring)

@: flying
A: high MP 1, forlorn, divine attributes
a: no special abilities


You were on level 4 of the Dungeon.
You visited 1 branch of the dungeon, and saw 4 of its levels.

You collected 243 gold pieces.

Inventory:

Hand Weapons
 a - a +0 war axe (weapon)
Missiles
 g - 100 stones (quivered)
Armour
 b - a +0 scale mail
 c - a +0 buckler (worn)
 m - a +0 pair of gloves (worn)
 r - a +0 chain mail (worn)
Jewellery
 j - a ring of flight (left hand)
Scrolls
 e - 7 scrolls of identify {unknown}
 h - 4 scrolls of teleportation {unknown}
 l - 3 scrolls of torment {unknown}
 o - a scroll of fear {unknown}
 s - a scroll of magic mapping {unknown}
 t - a scroll of brand weapon {unknown}
Potions
 d - 2 potions of might
 f - 2 potions of curing
 k - a potion of attraction {unknown}
 n - a potion of degeneration {unknown}
 p - a potion of berserk rage {unknown}
 q - a potion of heal wounds {unknown}
 u - a potion of invisibility {unknown}
 v - a potion of brilliance {unknown}


   Skills:
 - Level 2.6 Fighting
 + Level 5.1 Axes
 - Level 2.6 Armour
 - Level 2.6 Shields


You had 4 spell levels left.
You didn't know any spells.
Your spell library contained the following spells:

 Spells                   Type           Power      Damage    Failure   Level
 Magic Dart               Conj           0%         1d3       99%         1
 Call Imp                 Summ           0%         N/A       100%        2
 Mephitic Cloud           Conj/Pois/Air  0%         N/A       100%        3


Dungeon Overview and Level Annotations

Branches:
Dungeon (4/15)
 Temple: D:4-7


Innate Abilities, Weirdness & Mutations

You have an increased reservoir of magic. (+10% MP)
You shall have no god before yourself.
Your divine heritage dramatically boosts your attributes as you level up.


Message History

You are more poisoned.
The scorpion poisons you! The scorpion stings you.
* * * LOW HITPOINT WARNING * * *
You are more poisoned.
The scorpion poisons you!
Okay, then.
There is a lethal amount of poison in your body!
Enter note: ?????
Okay, then.
It was a potion of curing.
You feel better.
The scorpion stings you but does no damage.
You closely miss the scorpion. The scorpion stings you.
* * * LOW HITPOINT WARNING * * *
You are lethally poisoned!
The scorpion poisons you! The scorpion barely misses you.
Unknown command.
You feel better. The scorpion stings you.
* * * LOW HITPOINT WARNING * * *
You closely miss the scorpion. The scorpion stings you.
* * * LOW HITPOINT WARNING * * *
The scorpion stings you but does no damage.
You barely miss the scorpion.
The scorpion stings you but does no damage.
You closely miss the scorpion. The scorpion stings you.
* * * LOW HITPOINT WARNING * * *
The scorpion barely misses you.
You slash the scorpion!
The scorpion is moderately wounded.
The scorpion stings you but does no damage.
There are monsters nearby!
Enter note: fine You hit the scorpion.
The scorpion is severely wounded.
The scorpion stings you.
* * * LOW HITPOINT WARNING * * *
You block the scorpion's attack.
You completely miss the scorpion.
The scorpion is heavily wounded.
You closely miss the scorpion. The scorpion stings you.
You die...

...≈P≈....##########........#
..P≈≈P##### ####...###
##P≈≈.# ###...### ..P≈♣P#
###....## ..≈≈≈P# ###....###
#≈.♣≈≈# ###.....### ≈P≈≈≈≈#
###.........# ###....s.....##
#(.....s@...## .....#......##
...# ##...### .. #####


You could see 2 scorpions.

Vanquished Creatures
  An orc wizard (D:3)
  Terence (D:3)
  2 adders (D:3)
  An ufetubus (D:4)
  A worm (D:3)
  5 dart slugs
  4 orcs (D:3)
  7 endoplasms
  8 giant cockroaches
  8 hobgoblins
  12 jackals
  3 kobolds
  5 quokkas
  8 ball pythons
  4 bats
  2 frilled lizards
  3 goblins
  6 rats
81 creatures vanquished.

Vanquished Creatures (others)
  11 plants (D:4)
11 creatures vanquished.

Grand Total: 92 creatures vanquished

Notes
Turn   | Place    | Note
-------+----------+-------------------------------------------
     0 | D:1      | drugrobin the Demigod Fighter began the quest for the Orb.
     0 | D:1      | Reached XP level 1. HP: 18/18 MP: 3/3
   118 | D:1      | Reached skill level 2 in Axes
   548 | D:1      | Reached XP level 2. HP: 25/25 MP: 4/4
   609 | D:1      | Reached skill level 3 in Axes
  1033 | D:1      | Reached XP level 3. HP: 30/30 MP: 5/5
  1946 | D:3      | Noticed Terence
  1947 | D:3      | Reached skill level 4 in Axes
  1955 | D:3      | Killed Terence
  1956 | D:3      | Reached XP level 4. HP: 34/37 MP: 6/6
  2464 | D:3      | Reached skill level 5 in Axes
  2828 | D:3      | Reached XP level 5. HP: 42/42 MP: 7/7
  3086 | D:4      | Noticed an ogre
  3321 | D:4      | HP: 2/42 [scorpion (2)]
  3322 | D:4      | ?????
  3329 | D:4      | fine
  3329 | D:4      | HP: 1/42 [scorpion (6)]
  3330 | D:4      | Slain by a scorpion

Illustrated notes

...≈P≈....##########........#
..P≈≈P##### ####...###
##P≈≈.# ###...### ..P≈♣P#
###....## ..≈≈≈P# ###....###
#≈.♣≈≈# ###.....### ≈P≈≈≈≈#
###.........# ###..........##
#(.....s@...## .....#......##
...# ##...### .. #####


Turn 3322 on D:4: ????? ...≈P≈....##########........# ..P≈≈P##### ####...###
##P≈≈.# ###...### ..P≈♣P# ###....## ..≈≈≈P# ###....### #≈.♣≈≈# ###.....###
≈P≈≈≈≈# ###.........# ###..........## #(....ss@...## .....#......## ...#
##...### .. ##### Turn 3329 on D:4: fine

Levels and vault maps discovered:
D:1:      minmay_arrival_hallway, layout_loops_corners
D:2:      layout_rooms, shapermc_ecumenical_altar_ellora,
          minmay_misc_feat_plants, st_stairs_14
D:3:      layout_loops_ring, marbit_many_paths, serial_park_tiny_pond,
          kennysheep_generic_room_5, uniq_terence
D:4:      layout_cave_pods, kennysheep_little_box, nicolae_vehumet_altar_sigil,
          nicolae_overflow_crystal_walls, corexii_checkpoint_a,
          serial_bayou_lagoon_a

Skill      XL: |  1  2  3  4 |
---------------+-------------+-----
Axes           | 2 3 4 5 |  5.1
Fighting       | |  2.6
Armour         | |  2.6
Shields        | |  2.6

Action                   |  1- 3 |  4- 6 || total
-------------------------+-------+-------++-------
Melee: War axe           |   139 |    83 ||   222
Throw: Stone             |       |     5 ||     5
       Throwing net      |       |     3 ||     3
  Use: Potion            |       |     2 ||     2
Armor: Scale mail        |    81 |       ||    81
       Chain mail        |       |    60 ||    60
Dodge: Dodged            |    59 |    22 ||    81
Block: Buckler           |    30 |    12 ||    42

Table legend: (Time is in decaauts)
 A = Elapsed time spent in this place.
 B = Non-inter-level travel time spent in this place.
 C = Inter-level travel time spent in this place.
 D = Time resting spent in this place.
 E = Time spent auto-exploring this place.
 F = Levels seen in this place.
 G = Mean time per level.
                   A        B        C        D        E       F      G
               +--------+--------+--------+--------+--------+-----+--------+
         Total |   3413 |   3343 |     70 |    148 |   2420 |   4 |  853.2 |
       Dungeon |   3413 |   3343 |     70 |    148 |   2420 |   4 |  853.2 |
               +--------+--------+--------+--------+--------+-----+--------+

Top non-repeatable levels by time:
     D:1: 1336 daAuts
     D:3: 1178 daAuts
     D:2: 659 daAuts
     D:4: 240 daAuts
